[Event "XIII Mediterranean Championship 2023"]
[Site "Castell-Platja d Aro"]
[Date "2023.11.11"]
[Round "9.11"]
[White "Masague Artero, Guerau"]
[Black "Banos, Oscar"]
[Result "1-0"]
[ECO "D02"]
[WhiteElo "2305"]
[BlackElo "2188"]
[Annotator "RC"]
[PlyCount "107"]
[EventDate "2023.10.26"]
[EventType "swiss"]
[EventCountry "ESP"]
[SourceTitle "playchess.com"]
[Source "ChessBase"]
[SourceQuality "1"]
[TimeControl "5400+30"]

1. Nf3 d5 2. g3 Nf6 3. Bg2 e6 4. O-O Be7 5. c4 O-O 6. b3 b6 7. Bb2 Bb7 8. cxd5 Nxd5 9. d4 c5 10. dxc5 Bxc5 11. Nbd2 Nc6 12. a3 b5 13. Ne4 Be7 14. Rc1 Rc8 15. Qd3 b4 16. Nc5 Ba8 17. a4 Nc3 18. Bxc3 Bxc5 19. Qxd8 Rfxd8 20. Bxg7 Kxg7 21. Rxc5 Nd4 22. Rg5+ Kf6 23. Ra5 Nxe2+ 24. Kh1 Rc7 25. Ne5 Bxg2+ 26. Kxg2 Nc1 27. Rb5 Rd4 28. Nf3 Re4 29. Re1 Rxe1 30. Nxe1 Rc3 31. Rxb4 Rxb3 32. Rf4+ Kg7 33. Rc4 Nd3 34. Nxd3 Rxd3 35. Rc7 a5 36. Rc5 Ra3 37. Rxa5 Kg6 38. Ra6 h5 39. h4 Kg7 40. Ra8 Kf6 41. a5 e5 42. a6 e4 43. a7 Kg7 44. Kf1 Kf6 45. Ke2 Kf5 46. g4+ Kf6 47. g5+ Kg7 48. Kd2 Kh7 49. Kc2 Kg7 50. Kb2 Ra6 51. Kc3 Ra2 52. Kd4 Ra4+ 53. Ke5 Kh7 54. Kf6 1-0

[Event "XIII Mediterranean Championship 2023"]
[Site "Castell-Platja d Aro"]
[Date "2023.11.11"]
[Round "9.12"]
[White "Martinez Pla, Xavier"]
[Black "Jimenez Fernandez, Rebeca"]
[Result "1-0"]
[ECO "B12"]
[WhiteElo "2263"]
[BlackElo "2053"]
[Annotator "RC"]
[PlyCount "67"]
[EventDate "2023.10.26"]
[EventType "swiss"]
[EventCountry "ESP"]
[SourceTitle "playchess.com"]
[Source "ChessBase"]
[SourceQuality "1"]
[TimeControl "5400+30"]

1. e4 c6 2. d4 d5 3. e5 c5 4. Nf3 Nc6 5. dxc5 Bg4 6. c3 e6 7. Be3 Nge7 8. Bb5 Qc7 9. Nbd2 Ng6 10. Bd4 O-O-O 11. Bxc6 Qxc6 12. b4 f6 13. h3 fxe5 14. hxg4 exd4 15. Nxd4 Qd7 16. N2f3 e5 17. Nf5 h5 18. Rxh5 Rxh5 19. gxh5 Qxf5 20. hxg6 Qxg6 21. Nxe5 Qf6 22. Qd4 Re8 23. f4 g5 24. O-O-O Qxf4+ 25. Qxf4 gxf4 26. Rxd5 Bg7 27. Nc4 Kc7 28. Kd2 Bh6 29. Rd6 Rh8 30. Kd3 Bg7 31. Rg6 Rd8+ 32. Nd6 Rd7 33. Rxg7 Rxg7 34. Ne8+ 1-0

[Event "XIII Mediterranean Championship 2023"]
[Site "Castell-Platja d Aro"]
[Date "2023.11.11"]
[Round "9.13"]
[White "Hernando Rodrigo, Julio Antonio"]
[Black "Pham Guerrero, Sergi"]
[Result "1/2-1/2"]
[ECO "A58"]
[WhiteElo "2202"]
[BlackElo "2072"]
[Annotator "RC"]
[PlyCount "156"]
[EventDate "2023.10.26"]
[EventType "swiss"]
[EventCountry "ESP"]
[SourceTitle "playchess.com"]
[Source "ChessBase"]
[SourceQuality "1"]
[TimeControl "5400+30"]

1. d4 Nf6 2. c4 c5 3. d5 b5 4. cxb5 a6 5. bxa6 g6 6. Nc3 Bg7 7. e4 O-O 8. Nf3 Qa5 9. Bd2 Bxa6 10. Be2 d6 11. O-O Bxe2 12. Qxe2 Qa6 13. Nb5 Nxe4 14. Qxe4 Qxb5 15. Qxe7 Qd7 16. Qh4 Ra4 17. Qg3 Rg4 18. Qh3 Ra4 19. Rfb1 Qxh3 20. gxh3 Nd7 21. Bc3 Bxc3 22. bxc3 Rfa8 23. Rb7 Nf6 24. Ng5 Rxa2 25. Rxa2 Rxa2 26. Nxf7 Nxd5 27. Nh6+ Kf8 28. c4 Ne7 29. Ng4 d5 30. Nf6 dxc4 31. Nxh7+ Kf7 32. Ng5+ Ke8 33. Ne4 Nd5 34. Nd6+ Kf8 35. Nxc4 Nf4 36. Rb1 Nxh3+ 37. Kg2 Nf4+ 38. Kf3 Nd3 39. Ke3 Nb4 40. Rg1 Nd5+ 41. Kf3 Ra4 42. Ne5 Rf4+ 43. Kg3 Kg7 44. Ra1 Re4 45. Ra7+ Kh6 46. Nf7+ Kh5 47. Rd7 Rg4+ 48. Kf3 Rf4+ 49. Kg2 Nf6 50. Rc7 Rf5 51. f3 Nd5 52. Ra7 c4 53. Nd6 Rf4 54. Ra5 Rd4 55. Rc5 g5 56. Kg3 Ne3 57. Ne4 c3 58. Rxc3 Nf5+ 59. Kf2 Ra4 60. Rc5 Ra2+ 61. Kg1 Ra1+ 62. Kf2 Ra2+ 63. Ke1 Kg6 64. Rc6+ Kh5 65. Rf6 Ra5 66. Rxf5 Rxf5 67. Ng3+ Kg6 68. Nxf5 Kxf5 69. h3 Kg6 70. Kf2 Kh6 71. Ke3 Kg6 72. Kf2 Kf6 73. Kg2 Kg6 74. Kf2 Kf6 75. Ke2 Ke6 76. Kd3 Kf5 77. Ke3 Ke5 78. Kf2 Kf6 1/2-1/2

[Event "XIII Mediterranean Championship 2023"]
[Site "Castell-Platja d Aro"]
[Date "2023.11.11"]
[Round "9.14"]
[White "Menac Comas, Joan Ramon"]
[Black "Valle Luis, Leo"]
[Result "0-1"]
[ECO "A37"]
[WhiteElo "2044"]
[BlackElo "2216"]
[Annotator "RC"]
[PlyCount "94"]
[EventDate "2023.10.26"]
[EventType "swiss"]
[EventCountry "ESP"]
[SourceTitle "playchess.com"]
[Source "ChessBase"]
[SourceQuality "1"]
[TimeControl "5400+30"]

1. Nf3 c5 2. c4 g6 3. g3 Bg7 4. Nc3 Nc6 5. Bg2 e5 6. O-O d6 7. Ne1 Be6 8. Nc2 Bxc4 9. b4 cxb4 10. Nxb4 Nxb4 11. Qa4+ Qd7 12. Qxb4 Ba6 13. Ba3 Ne7 14. Rab1 Nc6 15. Bxc6 Qxc6 16. Qxd6 Qxd6 17. Bxd6 Rd8 18. Bb4 f5 19. d3 Kf7 20. Rfc1 Rd7 21. a4 Bh6 22. Rc2 Rc8 23. Rcb2 Bg7 24. Rb3 Ke6 25. a5 Rdc7 26. Na4 e4 27. Bd2 Rc2 28. Be3 Bf8 29. dxe4 fxe4 30. Bxa7 Rc1+ 31. Kg2 Bxe2 32. Nc5+ R8xc5 33. Bxc5 Bf3+ 34. Kh3 Rxc5 35. Rb5 h5 36. Rxb7 Rxa5 37. R1b6+ Bd6 38. Rg7 Kf6 39. Rg8 Kf7 40. Rd8 Be7 41. Rh8 Kg7 42. Re8 Re5 43. Rb3 g5 44. g4 hxg4+ 45. Kg3 Kf7 46. Rh8 Bd6 47. Rb7+ Re7# 0-1

[Event "XIII Mediterranean Championship 2023"]
[Site "Castell-Platja d Aro"]
[Date "2023.11.11"]
[Round "9.15"]
[White "Alsina Leal, Daniel"]
[Black "Garcia Paolicchi, Raul"]
[Result "1/2-1/2"]
[ECO "B07"]
[WhiteElo "2531"]
[BlackElo "2051"]
[Annotator "RC"]
[PlyCount "88"]
[EventDate "2023.10.26"]
[EventType "swiss"]
[EventCountry "ESP"]
[SourceTitle "playchess.com"]
[Source "ChessBase"]
[SourceQuality "1"]
[TimeControl "5400+30"]

1. e4 d6 2. d4 Nf6 3. Bd3 e5 4. Nf3 exd4 5. Nxd4 g6 6. O-O Bg7 7. Bg5 h6 8. Bh4 O-O 9. Nc3 Nc6 10. Nxc6 bxc6 11. f4 Qd7 12. h3 Bb7 13. Qd2 Nh7 14. Rae1 Rae8 15. Bg3 Qc8 16. e5 Ba6 17. exd6 cxd6 18. f5 Rxe1 19. Rxe1 Bxd3 20. Qxd3 Qxf5 21. Qxf5 gxf5 22. Bxd6 Rd8 23. Be5 Re8 24. Bg3 Re6 25. Nd1 Ng5 26. c3 Ne4 27. Bf2 a6 28. Ne3 f4 29. Nc4 Kh7 30. Bb6 Bf8 31. Kh2 Be7 32. Bc7 Bh4 33. Rf1 Bg3+ 34. Kg1 Rf6 35. Ne5 Nc5 36. Nf3 Nd3 37. b3 Nc5 38. Rd1 Ne4 39. Be5 Re6 40. Rd7 Ng5 41. Bd4 Nxf3+ 42. gxf3 Re1+ 43. Kg2 Re2+ 44. Kf1 Re1+ 1/2-1/2

[Event "XIII Mediterranean Championship 2023"]
[Site "Castell-Platja d Aro"]
[Date "2023.11.11"]
[Round "9.16"]
[White "Garcia Ramos, Daniel"]
[Black "Alonso Gimenez, Mauro"]
[Result "1-0"]
[ECO "B32"]
[WhiteElo "2455"]
[BlackElo "1978"]
[Annotator "RC"]
[PlyCount "81"]
[EventDate "2023.10.26"]
[EventType "swiss"]
[EventCountry "ESP"]
[SourceTitle "playchess.com"]
[Source "ChessBase"]
[SourceQuality "1"]
[TimeControl "5400+30"]

1. e4 c5 2. Nf3 Nc6 3. d4 cxd4 4. Nxd4 e5 5. Nb5 d6 6. c4 a6 7. N5c3 Be7 8. Be3 Nf6 9. Be2 O-O 10. O-O Be6 11. h3 Rc8 12. Qd2 Qa5 13. Rd1 b5 14. cxb5 axb5 15. Nxb5 Nxe4 16. Qxa5 Nxa5 17. N1c3 Nxc3 18. Nxc3 Rb8 19. b3 f5 20. Nd5 Bxd5 21. Rxd5 Nc6 22. Bc4 Kh8 23. a4 Nb4 24. a5 f4 25. Bb6 Nxd5 26. Bxd5 g5 27. b4 h5 28. b5 g4 29. hxg4 hxg4 30. Rb1 g3 31. Bc7 Rxb5 32. Rxb5 Rc8 33. Rb8 Rxb8 34. Bxb8 Bd8 35. a6 Bb6 36. Bxd6 Bxf2+ 37. Kf1 Kg7 38. Bxe5+ Kg6 39. Bxf4 Kf5 40. Bxg3 Ba7 41. Bf2 1-0

[Event "XIII Mediterranean Championship 2023"]
[Site "Castell-Platja d Aro"]
[Date "2023.11.11"]
[Round "9.17"]
[White "Garcia Jimenez, Francisco Javier"]
[Black "Makka, Ioulia"]
[Result "1-0"]
[ECO "C51"]
[WhiteElo "2249"]
[BlackElo "1900"]
[Annotator "RC"]
[PlyCount "67"]
[EventDate "2023.10.26"]
[EventType "swiss"]
[EventCountry "ESP"]
[SourceTitle "playchess.com"]
[Source "ChessBase"]
[SourceQuality "1"]
[TimeControl "5400+30"]

1. e4 e5 2. Nf3 Nc6 3. Bc4 Bc5 4. b4 Bb6 5. a4 a6 6. Ba3 d6 7. c3 Nf6 8. d3 O-O 9. O-O Ne7 10. Nbd2 Ng6 11. d4 h6 12. Qb3 Qe7 13. Rfe1 Bd7 14. Bf1 Ba7 15. b5 axb5 16. axb5 Be6 17. Nc4 Nd7 18. Qb2 f6 19. Ne3 Nb6 20. Bb4 c5 21. bxc6 bxc6 22. Nf5 Bxf5 23. exf5 Nf4 24. dxe5 c5 25. Ba5 Rab8 26. Qd2 Nh5 27. exd6 Qb7 28. Re7 Nd7 29. Bc7 Ne5 30. Nxe5 fxe5 31. Bxb8 Qxb8 32. Raxa7 Rxf5 33. Qd5+ Kh7 34. Bd3 1-0

[Event "XIII Mediterranean Championship 2023"]
[Site "Castell-Platja d Aro"]
[Date "2023.11.11"]
[Round "9.18"]
[White "Makka, Evanthia"]
[Black "Rodriguez Redondo, Adhara"]
[Result "1-0"]
[ECO "D05"]
[WhiteElo "2004"]
[BlackElo "2117"]
[Annotator "RC"]
[PlyCount "85"]
[EventDate "2023.10.26"]
[EventType "swiss"]
[EventCountry "ESP"]
[SourceTitle "playchess.com"]
[Source "ChessBase"]
[SourceQuality "1"]
[TimeControl "5400+30"]

1. d4 Nf6 2. Nf3 d5 3. e3 e6 4. Bd3 c5 5. dxc5 Bxc5 6. a3 O-O 7. Nbd2 a5 8. b3 Nbd7 9. Bb2 Qe7 10. O-O e5 11. e4 d4 12. a4 Nb8 13. Nc4 Nc6 14. Nfd2 Bg4 15. Qe1 Nh5 16. f3 Be6 17. g3 Qg5 18. Kh1 Rfe8 19. Qf2 Nf6 20. f4 exf4 21. gxf4 Qh6 22. Rae1 Ng4 23. Qg3 Bb4 24. Re2 f5 25. exf5 Bd5+ 26. Kg1 Nf6 27. Rfe1 Rf8 28. Qg5 Qh3 29. Qg3 Qh6 30. Nb6 Nh5 31. Qg5 Nxf4 32. Qxh6 gxh6 33. Nxd5 Nxd5 34. Rf1 Kh8 35. Bc4 Nc3 36. Rg2 Ne5 37. Be6 h5 38. Nf3 Nxf3+ 39. Rxf3 Rad8 40. f6 Rd6 41. Bc4 Nd1 42. f7 Rdd8 43. Bxd4+ 1-0

[Event "XIII Mediterranean Championship 2023"]
[Site "Castell-Platja d Aro"]
[Date "2023.11.11"]
[Round "9.20"]
[White "Pla Almenar, Nel"]
[Black "Lunin Bohomolets, Iliia"]
[Result "1-0"]
[ECO "B42"]
[WhiteElo "2070"]
[BlackElo "1850"]
[Annotator "RC"]
[PlyCount "75"]
[EventDate "2023.10.26"]
[EventType "swiss"]
[EventCountry "ESP"]
[SourceTitle "playchess.com"]
[Source "ChessBase"]
[SourceQuality "1"]
[TimeControl "5400+30"]

1. e4 c5 2. Nf3 e6 3. d4 cxd4 4. Nxd4 Qb6 5. Nb3 a6 6. Bd3 Qc7 7. Qe2 d6 8. Nc3 Nf6 9. f4 Nbd7 10. g4 h6 11. Be3 b5 12. a3 Bb7 13. O-O-O d5 14. e5 Ng8 15. Bd4 Bc5 16. Nxc5 Nxc5 17. Bxb5+ axb5 18. Nxb5 Qc6 19. Nd6+ Kd7 20. Bxc5 Ba6 21. Qe3 Ne7 22. f5 Rhb8 23. Rhe1 Qa4 24. Rd4 Qa5 25. Bb4 Qb6 26. Nxf7 Nc6 27. fxe6+ Kxe6 28. Ng5+ hxg5 29. Qxg5 Nxb4 30. Qg6+ Kd7 31. e6+ Kc8 32. Rxb4 Qd6 33. Qe8+ Kc7 34. Qf7+ Kc6 35. Rxb8 Qxb8 36. Qd7+ Kc5 37. b4+ Kc4 38. Qc6+ 1-0

[Event "XIII Mediterranean Championship 2023"]
[Site "Castell-Platja d Aro"]
[Date "2023.11.11"]
[Round "9.21"]
[White "Andreu Lopez, Santiago"]
[Black "De Lussac, Estephe"]
[Result "0-1"]
[ECO "A07"]
[WhiteElo "1834"]
[BlackElo "2013"]
[Annotator "RC"]
[PlyCount "90"]
[EventDate "2023.10.26"]
[EventType "swiss"]
[EventCountry "ESP"]
[SourceTitle "playchess.com"]
[Source "ChessBase"]
[SourceQuality "1"]
[TimeControl "5400+30"]

1. Nf3 g6 2. g3 Bg7 3. Bg2 e5 4. d3 d5 5. O-O Ne7 6. c4 c6 7. cxd5 cxd5 8. Nc3 Nbc6 9. Qb3 O-O 10. Nd2 Nd4 11. Qd1 Be6 12. e3 Ndc6 13. Nb3 b6 14. e4 d4 15. Ne2 Qd7 16. f4 f6 17. Bd2 Rac8 18. Rc1 a5 19. Rf2 h6 20. Kh1 Nb8 21. Ng1 Qa4 22. fxe5 fxe5 23. Rxf8+ Rxf8 24. Bh3 Bxh3 25. Nxh3 Qxa2 26. Rc7 Nbc6 27. Qc2 Qa4 28. Kg2 Kh7 29. Nf2 Qb5 30. Bc1 Rc8 31. Rxc8 Nxc8 32. Nd2 Nd6 33. Nf3 Nb4 34. Qc7 Nxd3 35. Bxh6 Ne8 36. Qe7 Nxf2 37. Ng5+ Kxh6 38. Nf7+ Kh7 39. Ng5+ Kh8 40. Kxf2 Qc6 41. Ne6 d3 42. Ke1 Qxe4+ 43. Kd2 Qc6 44. Nd8 Qc2+ 45. Ke3 Qe2# 0-1

[Event "XIII Mediterranean Championship 2023"]
[Site "Castell-Platja d Aro"]
[Date "2023.11.11"]
[Round "9.22"]
[White "De Lomas Busquets, Alba"]
[Black "Clot Chico, Arnau"]
[Result "0-1"]
[ECO "A46"]
[WhiteElo "1873"]
[BlackElo "2008"]
[Annotator "NA RC"]
[PlyCount "50"]
[EventDate "2023.10.26"]
[EventType "swiss"]
[EventCountry "ESP"]
[SourceTitle "playchess.com"]
[Source "ChessBase"]
[SourceQuality "1"]
[TimeControl "5400+30"]

1. d4 e6 2. Nf3 Nf6 3. Bg5 h6 4. Bxf6 Qxf6 5. e4 d6 6. Bd3 g6 7. Nc3 Bg7 8. h4 Nc6 9. Ne2 Bd7 10. Qd2 Qe7 11. O-O-O a5 12. Bb5 a4 13. a3 Na5 14. Qb4 c6 15. Bxa4 b5 16. Bb3 c5 17. Qd2 b4 18. axb4 Nc4 19. Kb1 Nxd2+ 20. Rxd2 cxb4 21. e5 O-O 22. d5 exd5 23. Bxd5 Ra5 24. exd6 Qf6 25. c3 Bf5+ 0-1

[Event "XIII Mediterranean Championship 2023"]
[Site "Castell-Platja d Aro"]
[Date "2023.11.11"]
[Round "9.24"]
[White "Ballo Serrano, Jan"]
[Black "Vinolas Anglada, Laura"]
[Result "0-1"]
[ECO "C54"]
[WhiteElo "1512"]
[BlackElo "1884"]
[Annotator "NA RC"]
[PlyCount "66"]
[EventDate "2023.10.26"]
[EventType "swiss"]
[EventCountry "ESP"]
[SourceTitle "playchess.com"]
[Source "ChessBase"]
[SourceQuality "1"]
[TimeControl "5400+30"]

1. e4 e5 2. Nf3 Nc6 3. Bc4 Bc5 4. d3 Nf6 5. c3 d6 6. h3 h6 7. Bb3 O-O 8. O-O a6 9. Re1 Re8 10. Nbd2 Ba7 11. Nf1 Be6 12. Ng3 d5 13. Qe2 Qd7 14. Be3 Bxe3 15. fxe3 dxe4 16. dxe4 Bxb3 17. axb3 Qe6 18. Qc2 Na7 19. Nh4 Qc6 20. Rf1 Nb5 21. Nhf5 Kh7 22. Qf2 Re6 23. Rad1 Rf8 24. Qf3 g6 25. Nh4 Nd6 26. Rd5 Qb6 27. Rd2 Qxb3 28. Rdf2 Qb6 29. Qe2 Kg7 30. Qd3 Qc6 31. Kh2 Nfxe4 32. Nxe4 Qxe4 33. Qd1 Qxh4 0-1

[Event "XIII Mediterranean Championship 2023"]
[Site "Castell-Platja d Aro"]
[Date "2023.11.11"]
[Round "9.25"]
[White "Diaz Comas, Jordi"]
[Black "Moran Cabezas, Eric"]
[Result "1/2-1/2"]
[ECO "C28"]
[WhiteElo "1837"]
[BlackElo "1736"]
[Annotator "NA RC"]
[PlyCount "20"]
[EventDate "2023.10.26"]
[EventType "swiss"]
[EventCountry "ESP"]
[SourceTitle "playchess.com"]
[Source "ChessBase"]
[SourceQuality "1"]
[TimeControl "5400+30"]

1. e4 e5 2. Bc4 Nf6 3. d3 Nc6 4. Nc3 Bc5 5. a3 O-O 6. Bg5 Be7 7. Nf3 d6 8. h3 a6 9. O-O b5 10. Ba2 Be6 1/2-1/2

[Event "XIII Mediterranean Championship 2023"]
[Site "Castell-Platja d Aro"]
[Date "2023.11.11"]
[Round "9.26"]
[White "Parramon Arimany, Marc"]
[Black "Hernando Rodrigo, Inmaculada"]
[Result "1-0"]
[ECO "A48"]
[WhiteElo "1834"]
[BlackElo "1734"]
[Annotator "NA RC"]
[PlyCount "123"]
[EventDate "2023.10.26"]
[EventType "swiss"]
[EventCountry "ESP"]
[SourceTitle "playchess.com"]
[Source "ChessBase"]
[SourceQuality "1"]
[TimeControl "5400+30"]

1. d4 Nf6 2. Bf4 d6 3. e3 Nbd7 4. Nf3 g6 5. Nbd2 Bg7 6. h3 O-O 7. c3 Re8 8. Bc4 d5 9. Bb3 c6 10. O-O Nh5 11. Bh2 Nhf6 12. Re1 b6 13. e4 dxe4 14. Nxe4 Nxe4 15. Rxe4 e6 16. Ne5 Nxe5 17. dxe5 Bb7 18. Rd4 Qb8 19. Qe2 c5 20. Rd2 Qc7 21. Rad1 Red8 22. f4 Rxd2 23. Qxd2 Qc6 24. Bc4 Bf8 25. Bf1 Be7 26. Qd7 Rd8 27. Qxc6 Bxc6 28. Rxd8+ Bxd8 29. c4 a6 30. Bg3 Be4 31. Kf2 f6 32. Ke3 Bb1 33. a3 fxe5 34. fxe5 Kf7 35. h4 g5 36. h5 h6 37. Be2 Bf5 38. Be1 Ke8 39. g4 Bh7 40. Bf3 Kd7 41. Bd1 Kc6 42. Bf3+ Kc7 43. b4 Be7 44. Bd1 b5 45. Bb3 Bg8 46. Kd3 Kc6 47. bxc5 Bxc5 48. Bb4 Bh7+ 49. Kc3 Bg8 50. Bc2 Bxb4+ 51. Kxb4 bxc4 52. Be4+ Kb6 53. a4 Bf7 54. a5+ Kc7 55. Bg6 Bg8 56. Kxc4 Kc6 57. Be8+ Kc7 58. Kc5 Bh7 59. Bg6 Bg8 60. Bd3 Bf7 61. Bxa6 Be8 62. Bb5 1-0

[Event "XIII Mediterranean Championship 2023"]
[Site "Castell-Platja d Aro"]
[Date "2023.11.11"]
[Round "9.27"]
[White "Zvereva, Marija"]
[Black "Vidal Palou, Jordi"]
[Result "1-0"]
[ECO "A03"]
[WhiteElo "2144"]
[BlackElo "1620"]
[Annotator "RC"]
[PlyCount "75"]
[EventDate "2023.10.26"]
[EventType "swiss"]
[EventCountry "ESP"]
[SourceTitle "playchess.com"]
[Source "ChessBase"]
[SourceQuality "1"]
[TimeControl "5400+30"]

1. g3 d5 2. Bg2 c6 3. f4 Nf6 4. Nf3 Bg4 5. d3 Qc8 6. Nbd2 Bh3 7. Bxh3 Qxh3 8. e4 dxe4 9. dxe4 e6 10. Qe2 Bc5 11. Nb3 Bb6 12. Bd2 O-O 13. O-O-O Na6 14. Kb1 h6 15. Bc3 Qg4 16. Bxf6 gxf6 17. h3 Qg7 18. g4 Rfd8 19. Nbd4 c5 20. Nb5 Rxd1+ 21. Rxd1 Rd8 22. Rxd8+ Bxd8 23. Nd6 Be7 24. Nxb7 Nb4 25. c3 Nc6 26. Qb5 Nd8 27. Nxc5 Kh7 28. Nd3 Qg8 29. a4 Qf8 30. a5 a6 31. Qxa6 Qe8 32. Qc4 Qd7 33. a6 Nc6 34. Nd4 Na7 35. f5 e5 36. Qxf7+ Kh8 37. Nc5 Qd6 38. Nce6 1-0

[Event "XIII Mediterranean Championship 2023"]
[Site "Castell-Platja d Aro"]
[Date "2023.11.11"]
[Round "9.28"]
[White "Hernando Rodrigo, Lourdes"]
[Black "Vinas Racionero, Josep"]
[Result "0-1"]
[ECO "A57"]
[WhiteElo "1625"]
[BlackElo "2075"]
[Annotator "RC"]
[PlyCount "78"]
[EventDate "2023.10.26"]
[EventType "swiss"]
[EventCountry "ESP"]
[SourceTitle "playchess.com"]
[Source "ChessBase"]
[SourceQuality "1"]
[TimeControl "5400+30"]

1. d4 c5 2. d5 Nf6 3. c4 b5 4. cxb5 a6 5. Nc3 axb5 6. e4 b4 7. Nb5 Nxe4 8. Qe2 f5 9. f3 Ba6 10. fxe4 Qa5 11. Bd2 fxe4 12. a4 d6 13. Qxe4 Qb6 14. Be2 Nd7 15. Be3 Nf6 16. Qd3 g6 17. Nf3 Bb7 18. Ng5 Bxd5 19. Bf3 Bc6 20. Ne6 Kd7 21. Bxc6+ Qxc6 22. O-O Kxe6 23. Qc4+ Kd7 24. b3 Qd5 25. Qc2 Qe4 26. Qc1 Ng4 27. Bxc5 dxc5 28. Rd1+ Kc6 29. Ra2 Bg7 30. Re1 Bd4+ 31. Kh1 Be3 32. Qb2 Rad8 33. Qe2 Rhf8 34. Na7+ Kc7 35. Qb5 Nf2+ 36. Rxf2 Rxf2 37. Qa5+ Kb7 38. Rg1 Qxg2+ 39. Rxg2 Rf1+ 0-1

[Event "XIII Mediterranean Championship 2023"]
[Site "Castell-Platja d Aro"]
[Date "2023.11.11"]
[Round "9.30"]
[White "Delbos, Jean-Louis"]
[Black "Vidal Traves, Marti"]
[Result "0-1"]
[ECO "D20"]
[WhiteElo "1573"]
[BlackElo "1631"]
[Annotator "NA RC"]
[PlyCount "114"]
[EventDate "2023.10.26"]
[EventType "swiss"]
[EventCountry "ESP"]
[SourceTitle "playchess.com"]
[Source "ChessBase"]
[SourceQuality "1"]
[TimeControl "5400+30"]

1. e4 e6 2. d4 d5 3. exd5 exd5 4. c4 dxc4 5. Bxc4 Nf6 6. Qb3 Qe7+ 7. Ne2 Qb4+ 8. Nbc3 Qxb3 9. Bxb3 a6 10. Bf4 c6 11. O-O Bb4 12. d5 O-O 13. Rad1 Bg4 14. f3 Bf5 15. Na4 b5 16. Nac3 c5 17. a3 Bxc3 18. Nxc3 Nbd7 19. g4 Bg6 20. g5 Nh5 21. Bd6 Rfe8 22. Rfe1 f6 23. f4 fxg5 24. fxg5 Bf5 25. Re7 Rxe7 26. Bxe7 Re8 27. Re1 g6 28. d6+ c4 29. Bd1 Ng7 30. Nd5 Ne6 31. a4 Rc8 32. axb5 axb5 33. Bf6 Nxf6 34. Ne7+ Kf8 35. Nxc8 Nxg5 36. Nb6 Nf7 37. d7 Nxd7 38. Nxd7+ Bxd7 39. Bc2 Nd6 40. Kf2 Nf5 41. Bxf5 Bxf5 42. h4 b4 43. Re5 c3 44. bxc3 bxc3 45. Rc5 c2 46. Ke3 Kg7 47. Kf4 Kf6 48. Rc6+ Ke7 49. h5 Kd7 50. Rc3 Kd6 51. h6 Kd5 52. Ke3 Ke5 53. Rc7 Kf6 54. Kf4 g5+ 55. Ke3 Kg6 56. Rc6+ Kh5 57. Kd2 Bg6 0-1

[Event "XIII Mediterranean Championship 2023"]
[Site "Castell-Platja d Aro"]
[Date "2023.11.11"]
[Round "9.31"]
[White "Garcia Rodriguez, Laia"]
[Black "Leon Escoda, Manel"]
[Result "0-1"]
[ECO "B26"]
[WhiteElo "1811"]
[BlackElo "1682"]
[Annotator "NA RC"]
[PlyCount "102"]
[EventDate "2023.10.26"]
[EventType "swiss"]
[EventCountry "ESP"]
[SourceTitle "playchess.com"]
[Source "ChessBase"]
[SourceQuality "1"]
[TimeControl "5400+30"]

1. e4 c5 2. Nc3 d6 3. g3 g6 4. Bg2 Bg7 5. d3 e5 6. Be3 Ne7 7. Qd2 O-O 8. Bh6 Nbc6 9. Bxg7 Kxg7 10. Nge2 Be6 11. O-O Rc8 12. f4 f5 13. Rf2 Nd4 14. Raf1 Qd7 15. exf5 Bxf5 16. fxe5 dxe5 17. Nxd4 cxd4 18. Ne4 Nd5 19. g4 Bxe4 20. dxe4 Ne3 21. Rxf8 Rxf8 22. Rxf8 Kxf8 23. h3 Qb5 24. c3 Qc4 25. a3 Qc5 26. cxd4 exd4 27. Kf2 Ke7 28. Bf3 Ke6 29. Ke2 Ke5 30. b4 Qc4+ 31. Qd3 Qa2+ 32. Ke1 Qxa3 33. Qxa3 Nc2+ 34. Kd2 Nxa3 35. Kd3 b5 36. Bd1 Nc4 37. Bb3 g5 38. Ba2 Nb2+ 39. Kc2 Na4 40. Bd5 Nc3 41. Bc6 a6 42. Bb7 Nxe4 43. Kd3 Nd6 44. Bc6 h6 45. Bd7 Kd5 46. Bf5 Nc4 47. Be4+ Ke5 48. Bg6 Nb2+ 49. Kc2 Na4 50. Kd3 Nb6 51. Bf5 Nd5 0-1